nyob, lawful female human Valkyrie }}}}}}}}}}}}}}}}}}}}}}}}}}}}}}}}}}}}}}}}}}}}}}}}}}}}}}}}}}}}}}}}}}}}}%}}}}} }}}}}}}}}}}}}}}}}}}}}}}}}}}}}}}}}}}}}}}}}}}}}}}}}}}}}}}}}}}}}}}}}}}}}}}}}%} }}.}}}}}..}}}}}......}}}}}}}}}}}}}}}}}}}}}}}}}}}}}}}%}}}}}}}....}}}.`.}}}}} }..`...........}....}}}}}}}}}}}}}}}}}}}}}}}}}}}}}}}}%}}}}}}...............} }...^}}}}}}}}}}.)..}}}.o}}}}}}}}}}}.......}}}}}}}}}}}}}}}}..}}.....}}}...}% }...%}}}}}}}}.....}}}}o.}}}}}}).....[..........}}}}}}}}}}}.}}}}.....}}...}} }....}}}}}}}}}}}}....}o}}}}}}.----------------- %}}}}}}}}}}}}..`......} }....}}}}}}}}}}}}}}}}}}`}}}...| ! ` }}%....}} }.....}.}}....}}}}}}}}}.}}....----- }../.`.}}}}..}}}}}}}}}}}}}[.......| ` % }.....}}}}}}}}}}}}}}}}}}}}........| / `` }.....}}}}}}}}}}}e}}}}}}}}....----- % }......;}}}}}}}}}}}}}}}}}}}...| % " [ % }.....@E}}}}}}}..}}}}}}}}}}}}.----------------- % ! }....d`..}}.}}....}}}}}}}}}}}}.................}}}}}..}}}}}}}}}.......}}}}} }.......}}}}}}}......}}}}}}}}}}}}}}.......}}}}}}}}}.....}}}}}}...}}c.}}}}}} }.....}}}}}}}}}}}.....}}}}}}}}}}}}}}}}}}}}}}.}}}}}}}..}}}}}}}}}}...n}}}}}}} }}..}}}}}}}}}}}}}.(..}}}}}}}}}}}}}}}}}}}}}}...}}..}}}}}}}.}}.}}}}..}}}}}}}} }}}}}}}}}}}}}}}}}}}}}}}}}}}}}}}}}}}}}}}}}}}}}}}}}}}}}}}}}}}}}}}}}}}}}}}}}}} }}}}}}}}}}}}}}}}}}}}}}}}}}}}}}}}}}}}}}}}}}}}}}}}}}}}}}}}}}}}}}}}}}}}}}}}}}} nyob the Woman-at-arms Experience level: 12 Strength: 18/06 Dexterity: 12 Constitution: 20 Intelligence: 10 Wisdom: 13 Charisma: 11 Health: 51(108) Energy: 47(47) Def: 12 Gold: 868 Moves: 18616 Dungeon seed: kvjXsHNhtLXjMYPM Game ID: nyob_1528494777 Your Inventory: Coins $ - 868 gold pieces Amulets x - an uncursed amulet of ESP (being worn) Weapons a - the blessed rustproof +1 Excalibur (weapon in hand) o - 9 +0 daggers (in quiver) Armor e - an uncursed burnt +3 small shield (being worn) n - an uncursed +0 pair of water walking boots (being worn) q - a blessed burnt +2 alchemy smock (being worn) r - an uncursed +0 elven mithril-coat (being worn) t - a blessed +0 T-shirt (being worn) z - an uncursed rotted +0 pair of leather gloves (being worn) X - an uncursed +0 helmet (being worn) Comestibles A - an uncursed food ration Scrolls k - a cursed scroll of fire G - a blessed scroll of teleportation Spellbooks E - an uncursed spellbook of turn undead Rings m - an uncursed ring of invisibility (on left hand) u - a cursed ring of polymorph J - an uncursed +1 ring of gain constitution S - a blessed +2 ring of gain constitution (on right hand) Wands d - a wand of teleportation (0:7) g - a wand of digging (0:6) j - a wand of undead turning named direction plus reserection? (0:2) l - a wand of undead turning named direction but nothing (0:3) p - a wand of fire (0:2) T - a wand of cancellation named direction but nothing (0:3) V - a wand of striking (0:6) Tools s - an uncursed pair of lenses (being worn) B - an uncursed mirror I - an uncursed skeleton key L - an uncursed bag of holding named holding Contents of the bag of holding named holding: 7879 gold pieces an uncursed amulet of life saving a +0 long sword 4 uncursed C-rations an uncursed cram ration 20 uncursed food rations an uncursed slime mold an uncursed scroll of amnesia 5 uncursed scrolls of teleportation a cursed ring of free action an uncursed ring of polymorph control an uncursed ring of sustain ability a wand of digging (0:5) a wand of digging (0:5) a wand of digging (0:4) a wand of digging (0:2) a wand of digging (0:1) a wand of fire (0:3) a wand of probing (0:4) a wand of teleportation (0:5) a magic marker (0:6) an uncursed mirror an uncursed towel an uncursed towel 3 uncursed agate stones 4 uncursed amethyst stones 4 uncursed aquamarine stones an uncursed diamond an uncursed fluorite stone 2 uncursed garnet stones an uncursed jasper stone an uncursed worthless piece of black glass 13 uncursed worthless pieces of blue glass 4 uncursed worthless pieces of green glass 2 uncursed worthless pieces of orange glass 7 uncursed worthless pieces of red glass 7 uncursed worthless pieces of violet glass 2 uncursed worthless pieces of white glass 9 uncursed worthless pieces of yellow glass 4 uncursed worthless pieces of yellowish brown glass Spells and supernatural/magical abilities: Name Level Category Fail Memory k - knock 1 matter 100% 67% s - slow monster 2 enchantment 100% 46% R - restore ability 4 healing 100% 95% S - stone to flesh 3 healing 100% 32% W - pray for help -- divine ? -- Your skills at the end: Fighting Skills Weapon Skills dagger [Skilled] long sword [Expert] Spellcasting Skills Final Attributes: You were piously aligned. You were cold resistant. You were poison resistant. You were level-drain resistant. You were acid resistant. You saw invisible. You were telepathic. You had automatic searching. You were invisible to others. You were stealthy. You could walk on water. You were held by a giant eel. You were fast. You are dead. Vanquished creatures: a yellow dragon a baluchitherium a titanothere a captain a water troll a lurker above 2 ghosts a queen bee 2 giant mimics 2 fire giants an ogre king an umber hulk a flesh golem 2 doppelgangers 5 large mimics 2 long worms 2 stalkers a water elemental a giant zombie 4 sergeants 8 small mimics 2 warhorses 2 xans 2 ettin mummies 2 ogre lords a quantum mechanic 2 trolls 2 gelatinous cubes 2 freezing spheres a flaming sphere a large cat 2 tigers a tengu a mountain centaur 3 stone giants an elf mummy a human mummy a pit viper 3 wraiths 2 carnivorous apes a leather golem 3 soldiers an incubus 3 chameleons 3 crocodiles 2 giant beetles a quivering blob a cockatrice 4 wolves 3 gremlins a spotted jelly 8 leprechauns an orc-captain 2 iron piercers 3 mumakil 3 giant spiders 2 scorpions 2 horses 4 black lights a vampire bat a forest centaur 3 gnome kings an orc mummy 2 dwarf mummies 3 ogres 5 brown puddings 2 rust monsters an owlbear a yeti a gold golem 2 piranhas 14 giant eels 5 lizards a warrior 4 chickatrices 2 dogs a dingo 2 jaguars 3 blue jellies 2 dust vortices 2 ravens 3 plains centaurs a gnome mummy 2 rope golems 3 Woodland-elves 2 soldier ants 11 fire ants 5 bugbears 3 imps 4 quasits 2 wood nymphs 2 water nymphs 2 mountain nymphs 2 Mordor orcs 22 Uruk-hai 2 orc shamans 5 rock piercers a rock mole 4 ponies 3 fog clouds 2 yellow lights 4 shriekers 4 violet fungi 14 gnome lords 12 gnomish wizards 2 gray oozes 3 elf zombies 2 ghouls 2 straw golems 2 paper golems 2 jellyfish a baby crocodile 9 giant ants 2 little dogs 6 floating eyes a kitten 12 dwarves 4 homunculi a kobold lord a kobold shaman 15 hill orcs 13 rothes a rabid rat a centipede 5 giant bats 3 monkeys 4 orc zombies 4 dwarf zombies 4 werejackals 10 iguanas 12 killer bees 7 acid blobs 2 coyotes 2 gas spores 2 hobbits 7 manes a large kobold 13 hobgoblins 6 giant rats 5 cave spiders a brown mold 3 yellow molds 5 green molds 2 red molds 57 gnomes 6 garter snakes 3 gnome zombies 6 geckos 16 jackals 7 foxes 3 kobolds 7 goblins 8 sewer rats 21 grid bugs 7 bats 13 lichens 2 kobold zombies 17 newts 646 creatures vanquished. Voluntary challenges: You had been an atheist until turn 12019. You used a wielded weapon 795 times, starting on turn 61. You read items or engraved 44 times, starting on turn 1937. You never genocided any monsters. You never polymorphed an object. You changed form 1 time, starting on turn 13654. You used no wishes. You split 3 puddings, starting on turn 4851. You never wrote Elbereth's name. You violated your moral code, losing 39 points of alignment, starting on turn 5063. Dungeon overview: The Dungeons of Doom: levels 1 to 25 Level 1 a long staircase Level 2 a potion shop, a sink Level 3 a potion shop, a fountain stairs to The Gnomish Mines Level 4 a fountain Level 5 many fountains Level 6 a fountain stairs to Sokoban Level 7 Level 8 Level 9 an altar to Loki Level 10 Level 11 some fountains Level 12 a sink portal to The Quest Level 13 Level 14 a fountain Level 15 Level 16 some fountains Level 17 Level 18 Level 19 an armor shop Level 20 Level 21 an altar to Odin, some fountains Level 22 a temple to Loki, a sink Level 23 a throne Level 24 Level 25 <- You were here The Gnomish Mines: levels 4 to 11 Level 4 stairs to The Dungeons of Doom Level 5 Level 6 many shops, a temple to Loki, some fountains Level 7 Level 8 Level 9 Level 10 Level 11 a fountain The Quest: Level 1 a fountain portal to The Dungeons of Doom Sokoban: levels 2 to 5 Level 2 Level 3 Level 4 Level 5 stairs to The Dungeons of Doom History has recorded: On T:1 you entered the Dungeons of Doom to retrieve the Amulet of Yendor! On T:254 you reached level 2 of The Dungeons of Doom. On T:482 you reached level 3 of The Dungeons of Doom. On T:611 you advanced to experience level 2. On T:744 you reached level 1 of The Gnomish Mines. On T:758 you advanced to experience level 3. On T:863 you reached level 4 of The Dungeons of Doom. On T:1108 you advanced to experience level 4. On T:1266 you reached level 5 of The Dungeons of Doom. On T:1752 you reached level 6 of The Dungeons of Doom. On T:1917 you reached level 4 of Sokoban. On T:2104 you advanced to experience level 5. On T:2713 you advanced to experience level 6. On T:2920 you reached level 2 of The Gnomish Mines. On T:3340 you reached level 3 of The Gnomish Mines. On T:3484 you advanced to experience level 7. On T:3766 you reached level 4 of The Gnomish Mines. On T:4072 you reached level 5 of The Gnomish Mines. On T:4366 you reached level 6 of The Gnomish Mines. On T:4690 you reached level 7 of The Gnomish Mines. On T:4715 you advanced to experience level 8. On T:5397 you advanced to experience level 9. On T:5421 you reached level 8 of The Gnomish Mines. On T:7228 you advanced to experience level 10. On T:7867 you reached level 3 of Sokoban. On T:8819 you reached level 2 of Sokoban. On T:9363 you reached level 1 of Sokoban. On T:11072 you reached level 7 of The Dungeons of Doom. On T:11362 you reached level 8 of The Dungeons of Doom. On T:11519 you received advice from The Oracle. On T:11897 you reached level 9 of The Dungeons of Doom. On T:12186 you reached level 10 of The Dungeons of Doom. On T:12519 you reached level 11 of The Dungeons of Doom. On T:12728 you reached level 12 of The Dungeons of Doom. On T:12825 you reached level 1 of The Quest. On T:13413 you reached level 13 of The Dungeons of Doom. On T:13593 you reached level 14 of The Dungeons of Doom. On T:14021 you reached level 15 of The Dungeons of Doom. On T:14274 you reached level 16 of The Dungeons of Doom. On T:14313 you reached level 17 of The Dungeons of Doom. On T:14463 you advanced to experience level 11. On T:14914 you reached level 18 of The Dungeons of Doom. On T:14961 you reached level 19 of The Dungeons of Doom. On T:15878 you reached level 20 of The Dungeons of Doom. On T:16036 you advanced to experience level 12. On T:16262 you reached level 21 of The Dungeons of Doom. On T:17037 you reached level 22 of The Dungeons of Doom. On T:17381 you reached level 23 of The Dungeons of Doom. On T:17968 you reached level 24 of The Dungeons of Doom. On T:18335 you reached level 25 of The Dungeons of Doom. Score breakdown: Gold: 8747 (13409 points) Experience: 12 levels (18476 points) Exploration: 25 levels ( 50.00%) (20995 points) Discoveries: 54 items ( 21.95%) (14055 points) Valuables value: (no points given unless you survive) Artifact value: 4000 (12253 points) Variety of kills: 158 monsters ( 41.47%) (19319 points) Turncount: 18616 turns (-3296 points) Survival: died (score multiplied by 80%) Total score: 76168 Latest messages: The giant eel misses. The giant eel bites! The giant eel brushes against your leg. The giant eel bites! The giant eel brushes against your leg. The giant eel bites! The giant eel brushes against your leg. The giant eel misses. The giant eel brushes against your leg. The giant eel just misses! The giant eel brushes against your leg. Stupid 2 misses the giant eel. The giant eel bites! The giant eel swings itself around you! Stupid 2 misses the giant eel. The giant eel bites! The giant eel just misses! Stupid 2 hits the giant eel. The giant eel is on fire! Stupid 2 misses the giant eel. The giant eel bites! The giant eel drowns you... Final status: Farvel nyob the Valkyrie, drowned in a moat by a giant eel, while frozen by a spellbook... You drowned in The Dungeons of Doom on dungeon level 25 with 76168 points, and 8747 pieces of gold, after 18616 moves. You were level 12 with a maximum of 108 hit points when you drowned.